 Dungeon Sprint DCSS version 0.21-a0-278-ga722497 (webtiles) character file.

2120 potatolord6000 the Cleaver (level 9, -4/91 HPs)
             Began as a Hill Orc Fighter on Sept 22, 2017.
             Was the Champion of Beogh.
             Killed from afar by a steam dragon (7 damage)
             ... with a ball of steam
             ... in the Dungeon (Sprint VII: "The Pits").
             The game lasted 00:03:33 (856 turns).

potatolord6000 the Cleaver (Hill Orc Fighter)        Turns: 856, Time: 00:03:33

Health: -4/91      AC: 15    Str: 22    XL:     9   Next: 29%
Magic:  9/9        EV:  7    Int:  8    God:    Beogh [******]
Gold:   0          SH: 12    Dex: 10    Spells: 8/8 levels left

rFire    . . .     SeeInvis .   a - +0 war axe
rCold    . . .     Gourm    .   c - +0 shield
rNeg     . . .     Faith    .   r - +3 chain mail
rPois    .         Spirit   .   (no helmet)
rElec    .         Reflect  .   (no cloak)
rCorr    .         Harm     .   (no gloves)
MR       .....     NoTele   +   (no boots)
Stlth    ..........             (no amulet)
HPRegen  0.25/turn              (no ring)
MPRegen  0.11/turn              (no ring)

@: no status effects
A: walk on water
a: Smiting, Recall Orcish Followers, Give Item to Named Follower, Resurrection,
Renounce Religion


You were in the Dungeon.
You worshipped Beogh.
Beogh was exalted by your worship.
You were not hungry.

You visited 1 branch

Inventory:

Hand Weapons
 a - a +0 war axe (weapon)
Armour
 c - a +0 shield (worn)
 r - a +3 chain mail (worn)
Scrolls
 m - 3 scrolls of remove curse
 n - 5 scrolls of amnesia
 o - a scroll of summoning
Potions
 e - 3 potions of curing
 i - 4 potions of magic
 j - 2 potions of berserk rage
 l - 2 potions of invisibility
Comestibles
 f - 8 bread rations
 p - 40 fruits
 q - 7 meat rations


   Skills:
 + Level 12.5 Fighting
 + Level 13.2 Axes
 + Level 11.7 Armour
 + Level 11.5 Shields


You had 8 spell levels left.
You didn't know any spells.

Dungeon Overview and Level Annotations

Branches:
Dungeon (1/1)

Altars:
Ashenzari
Cheibriados
Dithmenos
Elyvilon
Fedhas
Gozag
Hepliaklqana
Kikubaaqudgha
Makhleb
Nemelex Xobeh
Okawaru
Qazlal
Ru
Sif Muna
Trog
Uskayaw
Vehumet
Wu Jian
Xom
Yredelemnul
Zin
The Shining One
Beogh
Jiyva
Lugonu


Message History

The tyrant leech is almost dead.
You block the tyrant leech's attack.
You hit the tyrant leech but do no damage.
The tyrant leech is almost dead.
You block the tyrant leech's attack.
You closely miss the tyrant leech.
The tyrant leech is almost dead.
Unknown command.
You hit the tyrant leech.
The tyrant leech is almost dead.
You block the tyrant leech's attack.
Unknown command.
You slash the tyrant leech!
You kill the tyrant leech!
Beogh accepts your kill. Beogh blesses you with reinforcements.
The hell rat bites your orc!
Your orc dies!
The steam dragon breathes steam at you. The ball of steam hits you!
You die...

................+
......#..#......#
................#
###'#####''######
.......##''# ##
.......##..## ..+
.......##...## ..#
...<...###..†##+##D.##
.......# ##)†.oo@§rh.#
.......#
#..###+###...#
.......##..## .#
#########..+ ### #..#
..# ##.. ..# ##. ..+ .
..# .#


You could see a steam dragon, a hell rat, a hound, a friendly orc wizard and a
friendly orc.

Vanquished Creatures
  An orange demon (D)
  A komodo dragon (D)
  A freezing wraith (D)
  A tyrant leech (D)
  A water elemental (D)
  An air elemental (D)
  A fire bat (D)
  Eustachio (D)
  A sky beast (D)
  An ice beast (D)
  A black bear (D)
  Blork the orc (D)
  4 killer bees (D)
  2 worker ants (D)
  A gnoll (D)
  2 river rats (D)
  2 ufetubi (D)
  An orc (D)
  A bat skeleton (D)
  2 giant cockroaches (D)
  A hobgoblin (D)
  2 ball pythons (D)
  2 bats (D)
  A rat (D)
33 creatures vanquished.

Vanquished Creatures (others)
  An orc wizard (D)
  An orc (D)
2 creatures vanquished.

Grand Total: 35 creatures vanquished

Notes
Turn   | Place    | Note
-------+----------+-------------------------------------------
     0 | D        | potatolord6000 the Hill Orc Fighter began the quest for the Orb.
     0 | D        | Reached XP level 1. HP: 19/19 MP: 1/1
    18 | D        | Reached skill level 3 in Axes
    46 | D        | Found a bloodstained altar of Trog.
    46 | D        | Found a deep blue altar of Sif Muna.
    46 | D        | Found a viscous altar of Jiyva.
    46 | D        | Found a hazy altar of Hepliaklqana.
    46 | D        | Found an opulent altar of Gozag.
    47 | D        | Found a glowing golden altar of the Shining One.
    47 | D        | Found a glowing silver altar of Zin.
    47 | D        | Found a basalt altar of Yredelemnul.
    47 | D        | Found a shimmering altar of Xom.
    47 | D        | Found an ornate altar of the Wu Jian Council.
    47 | D        | Found a sacrificial altar of Ru.
    47 | D        | Found a stormy altar of Qazlal.
    47 | D        | Found an iron altar of Okawaru.
    47 | D        | Found a sparkling altar of Nemelex Xobeh.
    47 | D        | Found a burning altar of Makhleb.
    47 | D        | Found a blossoming altar of Fedhas.
    47 | D        | Found a white marble altar of Elyvilon.
    47 | D        | Found a shadowy altar of Dithmenos.
    47 | D        | Found a snail-covered altar of Cheibriados.
    49 | D        | Found a radiant altar of Vehumet.
    49 | D        | Found a corrupted altar of Lugonu.
    49 | D        | Found a roughly hewn altar of Beogh.
    51 | D        | Found an ancient bone altar of Kikubaaqudgha.
    51 | D        | Found a hide-covered altar of Uskayaw.
    51 | D        | Found a shattered altar of Ashenzari.
    59 | D        | Became a worshipper of Beogh the Brigand
    89 | D        | Reached XP level 2. HP: 16/27 MP: 2/2
   206 | D        | Reached * piety under Beogh
   206 | D        | Reached skill level 4 in Axes
   209 | D        | Reached skill level 5 in Fighting
   209 | D        | Reached skill level 5 in Axes
   209 | D        | Reached skill level 5 in Armour
   209 | D        | Reached XP level 3. HP: 29/36 MP: 3/3
   267 | D        | Reached ** piety under Beogh
   274 | D        | Reached skill level 5 in Shields
   274 | D        | Reached XP level 4. HP: 32/44 MP: 4/4
   459 | D        | Noticed a fire bat
   473 | D        | Killed a fire bat
   473 | D        | Reached skill level 7 in Axes
   473 | D        | Reached XP level 5. HP: 41/53 MP: 5/5
   474 | D        | Reached *** piety under Beogh
   490 | D        | Noticed a black bear
   492 | D        | Reached skill level 8 in Axes
   496 | D        | Killed a black bear
   496 | D        | Reached XP level 6. HP: 46/62 MP: 6/6
   501 | D        | Reached **** piety under Beogh
   572 | D        | Noticed Blork the orc
   578 | D        | Killed Blork the orc
   578 | D        | Reached skill level 9 in Axes
   581 | D        | Noticed an orange demon
   587 | D        | Killed an orange demon
   587 | D        | Reached skill level 10 in Fighting
   587 | D        | Reached skill level 10 in Axes
   587 | D        | Reached XP level 7. HP: 44/72 MP: 7/7
   600 | D        | Reached ***** piety under Beogh
   600 | D        | Reached skill level 11 in Axes
   608 | D        | Noticed Eustachio
   613 | D        | Killed Eustachio
   613 | D        | Reached skill level 10 in Armour
   613 | D        | Reached XP level 8. HP: 76/81 MP: 5/8
   620 | D        | Reached skill level 10 in Shields
   685 | D        | Noticed a freezing wraith
   687 | D        | Noticed an air elemental
   689 | D        | Noticed a komodo dragon
   702 | D        | Killed an air elemental
   702 | D        | Reached skill level 12 in Axes
   706 | D        | HP: 4/123 [freezing wraith (15)]
   716 | D        | Killed a freezing wraith
   718 | D        | Killed a komodo dragon
   718 | D        | Reached ****** piety under Beogh
   718 | D        | Reached XP level 9. HP: 28/90 MP: 9/9
   835 | D        | Reached skill level 13 in Axes
   836 | D        | Noticed a tyrant leech
   846 | D        | HP: 1/91 [tyrant leech (13)]
   856 | D        | Killed a tyrant leech
   856 | D        | Killed from afar by a steam dragon

Vault maps used:
D:        pitsprint

Skill      XL: |  1  2  3  4  5  6  7  8  9 |
---------------+----------------------------+-----
Axes           | 3 5 7 8 10 11 12 13 | 13.2
Fighting       | 4 5 7 8 10 12 | 12.5
Armour         | 4 5 7 9 10 11 | 11.7
Shields        | 4 5 7 9 11 | 11.5

Action                   |  1- 3 |  4- 6 |  7- 9 || total
-------------------------+-------+-------+-------++-------
Melee: War axe           |    32 |    27 |    76 ||   135
Invok: Smiting           |       |       |     1 ||     1
  Use: Potion            |     1 |     4 |     7 ||    12
       Scroll            |       |       |     1 ||     1
Armor: Scale mail        |    12 |     1 |       ||    13
       Chain mail        |       |    21 |    30 ||    51
Dodge: Dodged            |    14 |     9 |    22 ||    45
Block: Shield            |    26 |    22 |    68 ||   116

Table legend:
 A = Spawn XP
 B = Non-spawn XP
 C = Spawn XP percentage of total XP
 D = Spawn monster count
 E = Non-spawn monster count
 F = Spawn count percentage of total count
 G = Total turns spent on level
                    A         B        C        D         E        F      G
               +---------+---------+-------+---------+---------+-------+---------
         Total |       0 |    3029 |   0.0 |       0 |      33 |   0.0 |   856
               +---------+---------+-------+---------+---------+-------+---------
             D |       0 |    3029 |   0.0 |       0 |      33 |   0.0 |   856
               +---------+---------+-------+---------+---------+-------+---------
